 Dungeon Crawl Stone Soup version 0.31-a0-339-gda1cbd555d (webtiles) character file.

Game seed: 11998119178167934563

45 BritishOli the Trooper (level 3, -1/29 HPs)
             Began as a Demonspawn Fighter on July 20, 2023.
             Slain by a gnoll
             ... wielding a +0 halberd
              (12 damage)
             ... on level 2 of the Dungeon.
             The game lasted 00:04:19 (1444 turns).

BritishOli the Trooper (Demonspawn Fighter)         Turns: 1444, Time: 00:04:19

Health: -1/29      AC:  7    Str: 18    XL:     3   Next: 42%
Magic:  3/3        EV:  9    Int:  9    God:
Gold:   42         SH:  4    Dex: 12    Spells: 2/2 levels left

rFire   . . .        e - +4 dagger
rCold   . . .        c - +0 buckler
rNeg    . . .        b - +0 scale mail
rPois   .            (no helmet)
rElec   .            l - +0 cloak
rCorr   .            (no gloves)
SInv    .            (no boots)
Will    .....        (no amulet) Stlth
                     (no ring)
HPRegen 0.24/turn    (no ring)
MPRegen 0.08/turn

%: no passive effects
@: no status effects
A: powered by death 2
a: no special abilities


You were on level 2 of the Dungeon.
You visited 1 branch of the dungeon, and saw 2 of its levels.

You collected 42 gold pieces.

Inventory:

Hand Weapons
 a - a +0 long sword
 e - a +4 dagger (weapon)
Missiles
 f - 5 silver javelins (quivered)
 g - 6 javelins
Armour
 b - a +0 scale mail (worn)
 c - a +0 buckler (worn)
 l - a +0 cloak (worn)
Scrolls
 j - a scroll of noise {unknown}
 k - 2 scrolls of identify {unknown}
Potions
 d - a potion of might
 h - a potion of berserk rage {unknown}
 i - a potion of curing {unknown}


   Skills:
 + Level 3.4 Fighting
 + Level 2.3 Long Blades
 + Level 3.1 Armour
 + Level 3.1 Shields


You had 2 spell levels left.
You didn't know any spells.
Your spell library was empty.

Dungeon Overview and Level Annotations

Branches:
Dungeon (2/15)

Altars:


Innate Abilities, Weirdness & Mutations

You regenerate health from kills.


Message History

There is an open door here.
There is an open door here.
There is an escape hatch in the floor here.
There is an escape hatch in the floor here.
There is an open door here.
There is an open door here.
There is an open door here.
There is a stone staircase leading down here.
You climb downwards.
There is a stone staircase leading up here.
There is a stone staircase leading down here.
A hobgoblin comes into view.
The hobgoblin shouts!
You completely miss the hobgoblin. You block the hobgoblin's attack.
You hit the hobgoblin.
The hobgoblin is lightly wounded.
The hobgoblin barely misses you.
You closely miss the hobgoblin.
The hobgoblin is lightly wounded.
The hobgoblin closely misses you.
You hit the hobgoblin.
The hobgoblin is severely wounded.
The hobgoblin barely misses you.
You hit the hobgoblin.
The hobgoblin is almost dead.
The hobgoblin completely misses you.
You hit the hobgoblin.
You kill the hobgoblin!
You see here a hobgoblin corpse.
Found a scroll labelled BITZEESOME.
The gnoll hits you from afar with a +0 halberd!
The gnoll shouts!
The gnoll hits you with a +0 halberd.
The gnoll hits you from afar with a +0 halberd.
* * * LOW HITPOINT WARNING * * *
The gnoll shouts!
You hear a shout!
You see here a hobgoblin corpse.
There is a stone staircase leading up here.
The gnoll hits you from afar with a +0 halberd!
You die...

###.....#.......#..†.....##..
#####...............##.....
##g....#..#............
##....#.##.#.....######.
#....g#.##.......#######
#..........#............ #####
#......g......[......... #...#
####..##............#######
#...# #.....##..@.......)#######
#...###.##..##......#...........
#...##....................######
#........>..........#....##
#.............#######....#
#...#.........# #....#
#...#.........# #....#
#...#.........# ######
#...#.........#


You could see 3 gnolls.

Vanquished Creatures
  An adder (D:2)
  3 dart slugs
  3 ball pythons (D:1)
  3 bats
  2 endoplasms (D:1)
  2 giant cockroaches
  2 goblins
  3 hobgoblins
  A quokka (D:2)
  3 frilled lizards
  4 kobolds
  2 rats (D:1)
29 creatures vanquished.

Notes
Turn   | Place    | Note
-------+----------+-------------------------------------------
     0 | D:1      | BritishOli the Demonspawn Fighter began the quest for the
                  | Orb.
     0 | D:1      | Reached XP level 1. HP: 18/18 MP: 1/1
   106 | D:1      | Gained mutation: You regenerate a little health from kills.
                  | [demonic ancestry]
   106 | D:1      | Reached XP level 2. HP: 9/24 MP: 2/2
   635 | D:1      | Found a faded altar of an unknown god.
   888 | D:2      | Gained mutation: You regenerate health from kills. [demonic
                  | ancestry]
   888 | D:2      | Reached XP level 3. HP: 29/29 MP: 3/3
  1444 | D:2      | Slain by a gnoll

Illustrated notes

Levels and vault maps discovered:
D:1:      arrival_zaba_pyramid, layout_basic, ebering_ecumenical_altar_box,
          serial_corexii_hall, corexii_hall_statues_s, chequers_hall_statues_y,
          corexii_hall_statues_i, corexii_hall_statues_x
D:2:      layout_rooms, hangedman_decor_slide_cut

Skill      XL: |  1  2 |
---------------+-------+-----
Long Blades    | 2 |  2.3
Armour         | 3 |  3.1
Shields        | 3 |  3.1
Fighting       | |  3.4

Action                     || total
---------------------------++-------
  Melee: Long sword        ||    17
         Dagger            ||    76
 Armour: Scale mail        ||    51
  Dodge: Dodged            ||    43
  Block: Buckler           ||    28

Table legend: (Time is in decaauts)
 A = Elapsed time spent in this place.
 B = Non-inter-level travel time spent in this place.
 C = Inter-level travel time spent in this place.
 D = Time resting spent in this place.
 E = Time spent auto-exploring this place.
 F = Levels seen in this place.
 G = Mean time per level.
                   A        B        C        D        E       F      G
               +--------+--------+--------+--------+--------+-----+--------+
         Total |   1448 |   1143 |    305 |    128 |    687 |   2 |  724.0 |
       Dungeon |   1448 |   1143 |    305 |    128 |    687 |   2 |  724.0 |
               +--------+--------+--------+--------+--------+-----+--------+

Top non-repeatable levels by time:
     D:1: 1275 daAuts
     D:2: 172 daAuts
